nht, chaotic female elven Wizard -.----- |......| - --- -.....--.--.--- |..............-- -...--..G..GG..-- --..-----..h.....| |..-- ---@--...---- |..| --- -...|..- ---- -.*.... |...... |..... ---...- --..| |..-- --.<- -...- ... nht the Conjurer Experience level: 5 Strength: 25 Dexterity: 14 Constitution: 13 Intelligence: 12 Wisdom: 10 Charisma: 9 Health: 0(36) Energy: 41(54) Def: 2 Gold: 613 Moves: 1200 Dungeon seed: d9k80Y5qQbfM5MF6 Game ID: nht_1430679058 Your Inventory: Coins $ - 613 gold pieces Amulets F - an uncursed amulet of ESP G - an uncursed amulet of magical breathing N - an uncursed amulet of ESP Weapons a - a blessed +1 quarterstaff (weapon in hands) g - 14 +2 arrows Armor e - an uncursed +0 cloak of magic resistance (being worn) q - an uncursed +0 pair of gauntlets of power (being worn) Comestibles f - 2 uncursed food rations u - 2 uncursed slime molds W - an uncursed clove of garlic Scrolls j - 2 uncursed scrolls of enchant armor k - a blessed scroll of taming t - 2 uncursed scrolls of identify X - an uncursed scroll of scare monster Y - an uncursed scroll of blank paper Z - an uncursed scroll of stinking cloud Spellbooks m - a blessed spellbook of magic missile n - an uncursed spellbook of detect unseen s - an uncursed spellbook of haste self w - a blessed spellbook of blank paper Potions h - an uncursed potion of water z - an uncursed potion of confusion Rings c - an uncursed ring of conflict d - an uncursed ring of teleport control x - a cursed ring of conflict y - a cursed ring of see invisible B - an uncursed ring of free action C - an uncursed ring of see invisible D - an uncursed ring of see invisible E - an uncursed +1 ring of increase accuracy H - an uncursed ring of protection from shape changers I - a cursed ring of aggravate monster J - a cursed ring of teleportation K - an uncursed ring of searching L - a cursed ring of aggravate monster M - a cursed -1 ring of increase damage O - a cursed ring of aggravate monster P - a cursed -1 ring of increase accuracy Q - an uncursed +2 ring of protection R - an uncursed ring of poison resistance S - an uncursed ring of conflict T - an uncursed ring of cold resistance U - an uncursed ring of see invisible V - an uncursed ring of searching Wands b - a wand of slow monster (0:3) l - a wand of enlightenment (0:12) A - a wand of enlightenment (0:13) Tools i - an uncursed brass lantern (0:1336) o - a magic marker (0:35) p - an uncursed tooled horn r - 4 uncursed wax candles (0:400) v - an uncursed partly used wax candle (lit) (0:295) Spells known in the end: Name Level Category Fail Memory a - force bolt 1 attack 33% 95% b - magic missile 2 attack 6% 95% c - detect unseen 3 divination 100% 95% d - detect monsters 1 divination 33% 95% e - healing 1 healing 33% 95% Your skills at the end: Fighting Skills Weapon Skills quarterstaff [Basic] Spellcasting Skills attack spells [Basic] enchantment spells [Basic] Final Attributes: You were piously aligned. You were sleep resistant. You were poison resistant. You were magic-protected. You were telepathic. You had infravision. You were lucky. You are dead. Vanquished creatures: a gnome king a gnome lord a red naga hatchling a floating eye a kitten a dwarf a giant bat a Kop Sergeant an iguana 2 coyotes a hobbit a large kobold 2 cave spiders a brown mold a green mold 6 gnomes 2 Keystone Kops 3 jackals 2 kobolds 4 sewer rats a grid bug a lichen a newt 37 creatures vanquished. Voluntary challenges: You were an atheist. You used a wielded weapon 46 times, starting on turn 80. You read items or engraved 15 times, starting on turn 129. You never genocided any monsters. You never polymorphed an object. You never changed form. You used no wishes. You never split a pudding. You wrote Elbereth's name 5 times, starting on turn 281. You never violated your personal moral code. Dungeon overview: The Dungeons of Doom: levels 1 to 5 Level 1 a long staircase Level 2 a jewelry store Level 3 some fountains stairs to The Gnomish Mines Level 4 (potions) a potion shop, some fountains Level 5 The Gnomish Mines: levels 4 to 5 Level 4 stairs to The Dungeons of Doom Level 5 <- You were here History has recorded: On T:1 you entered the Dungeons of Doom to retrieve the Amulet of Yendor! On T:62 you reached level 2 of The Dungeons of Doom. On T:125 you reached level 3 of The Dungeons of Doom. On T:278 you advanced to experience level 2. On T:459 you reached level 4 of The Dungeons of Doom. On T:485 you advanced to experience level 3. On T:898 you advanced to experience level 4. On T:925 you reached level 5 of The Dungeons of Doom. On T:1055 you reached level 1 of The Gnomish Mines. On T:1090 you advanced to experience level 5. On T:1151 you reached level 2 of The Gnomish Mines. Score breakdown: Gold: 613 ( 9484 points) Experience: 5 levels (11141 points) Exploration: 5 levels ( 9.80%) ( 8485 points) Discoveries: 0 items ( 0.00%) ( 0 points) Valuables value: (no points given unless you survive) Artifact value: 0 ( 0 points) Variety of kills: 23 monsters ( 6.07%) ( 7390 points) Time penalty: 1200 turns ( 0 points) Survival: died (score multiplied by 80%) Total score: 29200 Latest messages: You start playing the horn called tooled horn. You produce a frightful, grave sound. The mind flayer concentrates. A wave of psychic energy pours over you! The mind flayer hits! The mind flayer's tentacles suck you! Your brain is eaten! You feel stupid! The mind flayer's tentacles suck you! Your brain is eaten! You feel very stupid! The mind flayer's tentacles suck you! You die... Final status: Goodbye nht the Wizard, killed by a mind flayer... You died in The Gnomish Mines on dungeon level 5 with 29200 points, and 613 pieces of gold, after 1200 moves. You were level 5 with a maximum of 36 hit points when you died.